 Dungeon Crawl Stone Soup version 0.28-a0-1389-gc726bef33b (webtiles) character file.

Game seed: 8494257508866397306

37 bande the Skirmisher (level 3, -4/23 HPs)
             Began as a Gargoyle Fighter on Jan 4, 2022.
             Slain by a gnoll (7 damage)
             ... on level 2 of the Dungeon.
             The game lasted 00:01:12 (1230 turns).

bande the Skirmisher (Gargoyle Fighter)             Turns: 1230, Time: 00:01:12

Health: -4/23      AC: 10    Str: 19    XL:     3   Next: 39%
Magic:  3/3        EV:  9    Int:  8    God:
Gold:   50         SH:  4    Dex: 11    Spells: 2/2 levels left

rFire   . . .      SeeInvis .   a - +0 war axe
rCold   . . .      Faith    .   c - +0 buckler
rNeg    + . .      Spirit   .   b - +0 scale mail
rPois   ∞          Reflect  .   (no helmet)
rElec   +          Harm     .   (no cloak)
rCorr   .          Rampage  .   (no gloves)
Will    .....                   (no boots)
Stlth   ..........              (no amulet)
HPRegen 0.07/turn               (no ring)
MPRegen 0.08/turn               (no ring)

@: no status effects
A: sickness immunity, AC +3, negative energy resistance 1, electricity
resistance, torment resistance 1, petrification resistance
a: no special abilities


You were on level 2 of the Dungeon.
You visited 1 branch of the dungeon, and saw 2 of its levels.

You collected 50 gold pieces.

Inventory:

Hand Weapons
 a - a +0 war axe (weapon)
Armour
 b - a +0 scale mail (worn)
 c - a +0 buckler (worn)
Scrolls
 e - 3 scrolls of teleportation {unknown}
 g - a scroll of brand weapon {unknown}
Potions
 d - a potion of might
 f - a potion of invisibility {unknown}
 h - a potion of attraction {unknown}


   Skills:
 + Level 3.5 Fighting
 + Level 2.6 Axes
 + Level 3.5 Armour
 - Level 0.2 Dodging
 + Level 3.5 Shields


You had 2 spell levels left.
You didn't know any spells.
Your spell library was empty.

Dungeon Overview and Level Annotations

Branches:
Dungeon (2/15)

Altars:


Innate Abilities, Weirdness & Mutations

You are immune to sickness and miasma.
Your stone body is resilient. (AC +3)
You are immune to poison.
You resist negative energy. (rN+)
You are resistant to electric shocks. (rElec)
You are resistant to unholy torment.
You are immune to petrification.


Message History

No target in view!
No target in view!
You start resting.
HP restored.
You climb downwards.
You block the jackal's attack.
The jackal bites you but does no damage. x2
There is a stone staircase leading up here.
The gnoll barely misses you. You block the jackal's attack.
You climb upwards.
There is a stone staircase leading down here.
You slash the jackal!
You kill the jackal!
No target in view!
No target in view!
No target in view!
You climb downwards.
There is a stone staircase leading up here.
Found a scroll labelled PUJUMU LAWINI.
The gnoll hits you from afar with a +0 halberd.
Things that are here:
a +0 dagger of venom; a kobold corpse You block the gnoll's attack.
You closely miss the gnoll. You block the gnoll's attack.
You barely miss the gnoll. The gnoll hits you with a +0 halberd.
The gnoll hits you from afar with a +0 halberd.
You block the gnoll's attack.
You are too injured to fight recklessly!
You are too injured to fight recklessly!
You are too injured to fight recklessly!
You are too injured to fight recklessly!
You are too injured to fight recklessly!
You are too injured to fight recklessly!
Unknown command.
The gnoll hits you from afar with a +0 halberd!
* * * LOW HITPOINT WARNING * * *
Things that are here:
a +0 dagger of venom; a kobold corpse
There is a stone staircase leading up here.
The gnoll hits you from afar with a +0 halberd!
You die...

#.#?# <#.#.# .#
# ....#[.##
#.####...#...#
.#........#....
.......g....#.#.
#...g.g......
.....#.#).#.#.#
##. ...#.@#
#####......#
#.###..# #.# .#
#.# # #.# #.# ..


You could see 3 gnolls.

Vanquished Creatures
  A dart slug (D:1)
  2 ball pythons (D:1)
  3 endoplasms (D:1)
  4 giant cockroaches (D:1)
  3 goblins (D:1)
  2 hobgoblins (D:1)
  3 jackals
  2 quokkas (D:1)
  4 frilled lizards (D:1)
  5 kobolds
  3 rats (D:1)
32 creatures vanquished.

Notes
Turn   | Place    | Note
-------+----------+-------------------------------------------
     0 | D:1      | bande the Gargoyle Fighter began the quest for the Orb.
     0 | D:1      | Reached XP level 1. HP: 14/14 MP: 1/1
   104 | D:1      | Reached XP level 2. HP: 18/19 MP: 2/2
   719 | D:1      | Reached XP level 3. HP: 23/23 MP: 3/3
  1230 | D:2      | Slain by a gnoll

Illustrated notes

Levels and vault maps discovered:
D:1:      arrival_zaba_pyramid, layout_basic, nrook_mini_vaults,
          minmay_tromino_v4_b
D:2:      layout_loops_ring

Skill      XL: |  1  2 |
---------------+-------+-----
Axes           | 2 |  2.6
Fighting       | |  3.5
Armour         | |  3.5
Dodging        | |  0.2
Shields        | |  3.5

Action                   || total
-------------------------++-------
Melee: War axe           ||    96
Armor: Scale mail        ||    58
Dodge: Dodged            ||    50
Block: Buckler           ||    22

Table legend: (Time is in decaauts)
 A = Elapsed time spent in this place.
 B = Non-inter-level travel time spent in this place.
 C = Inter-level travel time spent in this place.
 D = Time resting spent in this place.
 E = Time spent auto-exploring this place.
 F = Levels seen in this place.
 G = Mean time per level.
                   A        B        C        D        E       F      G
               +--------+--------+--------+--------+--------+-----+--------+
         Total |   1270 |   1270 |      0 |    129 |    888 |   2 |  635.0 |
       Dungeon |   1270 |   1270 |      0 |    129 |    888 |   2 |  635.0 |
               +--------+--------+--------+--------+--------+-----+--------+

Top non-repeatable levels by time:
     D:1: 1248 daAuts
     D:2: 22 daAuts
